 Dungeon Crawl Stone Soup version 0.31-a0-564-g3b7de120b3 (webtiles) character file.

Game seed: 12475715653884225876

329 IdlyInterested the Chopper (level 6, -1/48 HPs)
             Began as a Demonspawn Gladiator on Aug 17, 2023.
             Killed by divine providence
             ... invoked by an orc priest
              (11 damage)
             ... on level 3 of the Dungeon.
             The game lasted 00:07:04 (2203 turns).

IdlyInterested the Chopper (Demonspawn Gladiator)   Turns: 2203, Time: 00:07:06

Health: -1/48      AC:  6    Str: 17    XL:     6   Next: 25%
Magic:  6/6        EV: 11    Int:  9    God:
Gold:   129        SH:  5    Dex: 14    Spells: 5/5 levels left

rFire   . . .        a - +0 war axe
rCold   . . .        (no shield)
rNeg    . . .        k - +0 ring mail
rPois   .            c - +0 helmet
rElec   .            (no cloak)
rCorr   .            (no gloves)
SInv    .            (no boots)
Will    .....        n - amulet of reflection
Stlth   +            (no ring)
HPRegen 0.28/turn    (no ring)
MPRegen 0.10/turn

%: reflection
@: mighty
A: claws 1, demonic guardian 1, powered by pain 2
a: no special abilities


You were on level 3 of the Dungeon.
You visited 1 branch of the dungeon, and saw 3 of its levels.

You collected 129 gold pieces.

Inventory:

Hand Weapons
 a - a +0 war axe (weapon)
 r - a +0 dagger of venom
Missiles
 d - 3 throwing nets
 e - 5 javelins
 i - 35 stones (quivered)
Armour
 c - a +0 helmet (worn)
 g - a +0 buckler
 k - a +0 ring mail (worn)
 s - an orb of guile
Jewellery
 n - an amulet of reflection (around neck)
 w - an amulet of faith
Scrolls
 f - a scroll of blinking {unknown}
 j - a scroll of fog {unknown}
 o - a scroll of noise {unknown}
 p - a scroll of immolation {unknown}
 u - 2 scrolls of teleportation {unknown}
 v - a scroll of vulnerability {unknown}
 x - 2 scrolls of enchant weapon {unknown}
Potions
 b - a potion of berserk rage
 h - a potion of magic
 l - a potion of heal wounds
 m - 2 potions of haste
 q - a potion of resistance
 z - a potion of curing


   Skills:
 + Level 3.8 Fighting
 - Level 4.0 Axes
 - Level 1.7 Throwing
 - Level 2.0 Armour
 - Level 2.6 Dodging
 - Level 1.0 Stealth
 - Level 2.0 Unarmed Combat
 - Level 1.0 Evocations
 + Level 0.9 Shapeshifting


You had 5 spell levels left.
You didn't know any spells.
Your spell library was empty.

Dungeon Overview and Level Annotations

Branches:
Dungeon (3/15)

Altars:


Innate Abilities, Weirdness & Mutations

You have sharp fingernails.
A weak demonic guardian rushes to your aid.
You sometimes gain power by taking damage.


Message History

You closely miss something. You closely miss the orc priest.
You block something's attack.
The orc priest invokes the aid of Beogh against you.
Beogh smites you! You block the orc priest's attack.
Unknown command.
You closely miss the orc priest.
The orc priest is severely wounded.
You miss something. You barely miss the orc priest.
The orc priest barely misses you. The orc priest closely misses you.
Something hits you but does no damage.
Unknown command.
You hit the orc priest.
The orc priest is severely wounded.
You hit the orc priest. You closely miss something.
Something hits you but does no damage.
The orc priest invokes the aid of Beogh against you.
You barely resist.
The orc priest calls down the wrath of Beogh upon you.
Beogh smites you!
You focus on the pain.
You feel very mighty all of a sudden.
The orc priest calls upon Beogh to heal the orc priest.
The orc priest is healed somewhat.
The orc priest calls down the wrath of Beogh upon you.
Pain shoots through your body!
A demonic guardian appears!
Something hits you but does no damage.
You hit the orc priest.
The orc priest is severely wounded.
You hit the orc priest. You miss something. You hit the orc priest.
You block the orc priest's attack. Something hits you but does no damage.
The orc priest hits you with a +0 morningstar.
* * * LOW HITPOINT WARNING * * *
You block the orc priest's attack.
You slash the orc priest!
You kill the orc priest!
You closely miss something. You slash the orc priest!
You kill the orc priest!
You hit the orc priest.
The orc priest mumbles some strange prayers to Beogh against you.
Beogh smites you!
You die...

#.................#
#.................#
#.................#
########'##'#.#####
#.##.#.#
############.##.#.#
#............##.#.#
#.#.##o##....†..#.#####
#)@)##......#......
#.8{85#.............
#$$o..#.............
#.8.8.######........
##$_.## #........ #####
#........ ##.......
+..).... #.......


You could see an orc priest (ally target), an orc and a friendly white imp
(summoned).

Vanquished Creatures
  4 howler monkeys (D:3)
  2 orc priests (D:3)
  A hound (D:3)
  A sleepcap (D:3)
  An orc wizard (D:3)
  An adder (D:3)
  An ufetubus (D:2)
  A worm (D:2)
  2 dart slugs
  4 orcs (D:3)
  5 bats
  3 endoplasms
  3 giant cockroaches
  4 goblins
  4 hobgoblins
  12 jackals
  2 kobolds
  4 quokkas
  7 ball pythons
  3 frilled lizards
  3 rats
68 creatures vanquished.

Notes
Turn   | Place    | Note
-------+----------+-------------------------------------------
     0 | D:1      | IdlyInterested the Demonspawn Gladiator began the quest for
                  | the Orb.
     0 | D:1      | Reached XP level 1. HP: 16/16 MP: 1/1
   241 | D:1      | Reached skill level 3 in Axes
   247 | D:1      | Gained mutation: You sometimes gain a little power by
                  | taking damage. [demonic ancestry]
   247 | D:1      | Reached XP level 2. HP: 22/22 MP: 2/2
   272 | D:1      | Reached skill level 1 in Armour
   924 | D:2      | Reached skill level 1 in Stealth
  1025 | D:2      | Gained mutation: You sometimes gain power by taking damage.
                  | [demonic ancestry]
  1025 | D:2      | Reached XP level 3. HP: 25/27 MP: 3/3
  1258 | D:2      | Reached skill level 1 in Evocations
  1669 | D:3      | Gained mutation: You have sharp fingernails. [demonic
                  | ancestry]
  1669 | D:3      | Reached XP level 4. HP: 29/33 MP: 4/4
  1805 | D:3      | Reached skill level 4 in Axes
  1806 | D:3      | Reached skill level 1 in Unarmed Combat
  1806 | D:3      | Reached XP level 5. HP: 37/39 MP: 5/5
  2007 | D:3      | Gained mutation: A weak demonic guardian rushes to your
                  | aid. [demonic ancestry]
  2007 | D:3      | Reached XP level 6. HP: 47/48 MP: 6/6
  2203 | D:3      | Killed from afar by an orc priest

Illustrated notes

Levels and vault maps discovered:
D:1:      minmay_arrival_widening_spiral_wide, layout_rooms,
          kennysheep_flooded_box
D:2:      layout_basic, minmay_misc_feat_roman
D:3:      lemuel_castle_with_subvaults [lemuel_castle_interior_original],
          layout_basic, kennysheep_orc_chapel

Skill      XL: |  1  2  3  4  5 |
---------------+----------------+-----
Axes           | 3 4 |  4.0
Armour         | 1 2 |  2.0
Stealth        | 1 |  1.0
Evocations     | 1 |  1.0
Unarmed Combat | 1 2 |  2.0
Fighting       | 3 |  3.8
Throwing       | |  1.7
Dodging        | |  2.6
Shapeshifting  | |  0.9

Action                     |  1- 3 |  4- 6 || total
---------------------------+-------+-------++-------
  Melee: War axe           |   140 |   128 ||   268
         Punch             |       |     2 ||     2
    Use: Scroll            |     5 |     1 ||     6
   Stab: Sleeping          |     1 |       ||     1
 Armour: Leather armour    |    26 |       ||    26
         Ring mail         |    25 |    73 ||    98
  Dodge: Dodged            |   100 |    76 ||   176
  Block: Buckler           |    50 |    19 ||    69
         Other             |       |    27 ||    27

Table legend: (Time is in decaauts)
 A = Elapsed time spent in this place.
 B = Non-inter-level travel time spent in this place.
 C = Inter-level travel time spent in this place.
 D = Time resting spent in this place.
 E = Time spent auto-exploring this place.
 F = Levels seen in this place.
 G = Mean time per level.
                   A        B        C        D        E       F      G
               +--------+--------+--------+--------+--------+-----+--------+
         Total |   2298 |   2019 |    279 |    189 |   1020 |   3 |  766.0 |
       Dungeon |   2298 |   2019 |    279 |    189 |   1020 |   3 |  766.0 |
               +--------+--------+--------+--------+--------+-----+--------+

Top non-repeatable levels by time:
     D:1: 859 daAuts
     D:2: 841 daAuts
     D:3: 598 daAuts
